 Dungeon Crawl Stone Soup version 0.29-a0-334-gb41bcbb86e (webtiles) character file.

Game seed: 8375781968769386940

11105 kevlar127 the Grappler (level 11, -4/115 HPs)
             Began as a Troll Berserker on Apr 14, 2022.
             Was an Elder of Trog.
             Slain by an unseen horror (9 damage)
             ... on level 10 of the Dungeon on Apr 15, 2022.
             The game lasted 02:02:13 (16356 turns).

kevlar127 the Grappler (Troll Berserker)           Turns: 16356, Time: 02:02:16

Health: -4/115     AC:  9    Str: 37    XL:     11   Next: 44%
Magic:  10/10      EV: 12    Int:  3    God:    Trog [****..]
Gold:   668        SH:  0    Dex:  9    Spells: 10/10 levels left

rFire   . . .      SeeInvis +     - Unarmed
rCold   . . .      Faith    +   (no shield)
rNeg    . . .      Spirit   .   S - +0 steam dragon scales
rPois   .          Reflect  .   (helmet restricted)
rElec   .          Harm     .   V - +1 cloak {Stlth+}
rCorr   .          Rampage  .   (gloves unavailable)
Will    .....                   (boots unavailable)
Stlth   ++........              y - amulet of faith
HPRegen 1.09/turn               K - ring of see invisible
MPRegen 0.12/turn               s - +6 ring of strength

@: confused, ambrosia-drunk, on berserk cooldown, slowed, very slow
A: large, unfitting armour, claws 3, regeneration 1, shaggy fur 1, tough skin 1
a: Renounce Religion, Berserk, Trog's Hand, Brothers in Arms


You were on level 10 of the Dungeon.
You worshipped Trog.
Trog was greatly pleased with you.
You visited 1 branch of the dungeon, and saw 10 of its levels.
You also visited: Sewer.

You collected 668 gold pieces.

Inventory:

Missiles
 b - 35 poisoned darts (quivered)
 d - 457 stones
 g - 2 javelins
 H - 3 boomerangs
 Q - 3 throwing nets
Armour
 u - a +0 troll leather armour {Pargi}
 S - +0 steam dragon scales (worn)
 V - a +1 cloak of stealth (worn)
Magical Staves
 Y - a staff of poison
Jewellery
 f - a +4 ring of protection
 n - a ring of protection from fire
 s - a +6 ring of strength (right claw)
 y - an amulet of faith (around neck)
 I - a ring of resist corrosion
 K - a ring of see invisible (left claw)
 O - a ring of positive energy
Wands
 r - a wand of iceblast (25)
 M - a wand of mindburst (6)
 R - a wand of polymorph (8)
Scrolls
 a - a scroll of vulnerability {unknown}
 e - a scroll of enchant weapon {unknown}
 k - 5 scrolls of immolation
 l - 5 scrolls of magic mapping
 m - 2 scrolls of fear
 o - 3 scrolls of silence {unknown}
 t - 2 scrolls of teleportation {unknown}
 B - 2 scrolls of brand weapon {unknown}
 F - a scroll of blinking {unknown}
 L - a scroll of fog {unknown}
 N - a scroll of torment {unknown}
 T - a scroll of enchant armour {unknown}
 W - a scroll of identify
 X - a scroll of holy word {unknown}
 Z - a scroll of amnesia {unknown}
Potions
 c - 2 potions of heal wounds {unknown}
 h - 3 potions of degeneration {unknown}
 i - 3 potions of mutation {unknown}
 j - 5 potions of haste
 p - 3 potions of attraction {unknown}
 q - 3 potions of might {unknown}
 v - 5 potions of curing
 w - 3 potions of flight {unknown}
 x - 2 potions of cancellation {unknown}
 z - 5 potions of brilliance
 D - 2 potions of ambrosia
 J - 2 potions of lignification {unknown}
 P - 3 potions of resistance {unknown}


   Skills:
 + Level 9.4 Fighting
 + Level 9.3 Dodging
 + Level 11.0 Unarmed Combat


You had 10 spell levels left.
You didn't know any spells.
Your spell library contained the following spells:

 Spells                   Type           Power      Damage    Failure   Level
 Animate Skeleton         Necr           0%         N/A       52%         1
 Apportation              Tloc           0%         N/A       52%         1
 Beastly Appendage        Tmut           0%         N/A       52%         1
 Pain                     Necr           0%         1d4       52%         1
 Corpse Rot               Necr/Air       0%         N/A       67%         2
 Poisonous Vapours        Pois/Air       0%         N/A       67%         2
 Sublimation of Blood     Necr           0%         N/A       67%         2
 Wereblood                Tmut           0%         N/A       67%         2
 Call Canine Familiar     Summ           0%         N/A       88%         3
 Dazzling Flash           Conj/Hex       0%         N/A       88%         3
 Portal Projectile        Hex/Tloc       0%         N/A       88%         3
 Spider Form              Tmut/Pois      0%         N/A       88%         3
 Vampiric Draining        Necr           0%         2d6       88%         3
 Iskenderun's Mystic Bla  Conj/Tloc      0%         2d3       99%         4
 Leda's Liquefaction      Hex/Erth       0%         N/A       99%         4
 Petrify                  Tmut/Erth      0%         N/A       99%         4
 Agony                    Necr           0%         N/A       100%        5
 Alistair's Intoxication  Tmut/Pois      0%         N/A       100%        5
 Excruciating Wounds      Necr           0%         N/A       100%        5
 Irradiate                Conj/Tmut      0%         3d13      100%        5
 Summon Forest            Summ/Tloc      0%         N/A       100%        5
 Eringya's Noxious Bog    Tmut/Pois      0%         N/A       100%        6
 Starburst                Conj/Fire      0%         6d3       100%        6
 Summon Hydra             Summ           0%         N/A       100%        7
 Borgnjor's Revivificati  Necr           0%         N/A       100%        8
 Necromutation            Tmut/Necr      0%         N/A       100%        8
 Death's Door             Necr           0%         N/A       100%        9


Dungeon Overview and Level Annotations

Branches:
Dungeon (10/15)            Temple (0/1) D:7           Sewer (visited)
   Lair: D:8-11         Orc: D:9-12

Altars:
Cheibriados
Qazlal
Sif Muna
Uskayaw


Innate Abilities, Weirdness & Mutations

You are too large for most types of armour.
You have claws for hands.
Your natural rate of healing is unusually fast.
You are covered in fur. (AC +1)
You have tough skin. (AC +1)


Message History

You scratch the yak.
The yak is moderately wounded.
The unseen horror hits you but does no damage. x2
The bullfrog hits the fungus!
The fungus begins to die.
The yak barely misses you. The yak gores you!
* * * LOW HITPOINT WARNING * * *
You mangle the yak!!
The yak is almost dead.
The unseen horror hits you.
* * * LOW HITPOINT WARNING * * *
The yak gores you!
* * * LOW HITPOINT WARNING * * *
Okay, then.
The black bear bites you.
* * * LOW HITPOINT WARNING * * *
The black bear claws you but does no damage. x2
Okay, then.
Okay, then.
You are confused.
You feel invigorated.
A nearby fungus withers and dies.
The bullfrog hits you.
* * * LOW HITPOINT WARNING * * *
The yak closely misses you.
The black bear bites you but does no damage.
The black bear closely misses you. x2
The bullfrog hits you but does no damage.
The black bear bites you.
* * * LOW HITPOINT WARNING * * *
The black bear claws you but does no damage.
The black bear claws you.
* * * LOW HITPOINT WARNING * * *
The yak gores you!
* * * LOW HITPOINT WARNING * * *
The black bear attacks as you move away!
The black bear misses you. The black bear closely misses you.
The black bear claws you.
* * * LOW HITPOINT WARNING * * *
The bullfrog hits you.
* * * LOW HITPOINT WARNING * * *
The unseen horror hits you!
You die...

...P.P.P..P....
#....P...PP.... ...
#.P....PP..P... ...#
#...P...(P..#
....###..........#
...........†)....#
...........hY....## #.
...........xF.....###..
...........@...........
.......................
.......................
..#####...###..........
##.#####.........
##..............
#.####<<<...... .#
########## .#


You could see a yak, an unseen horror (invisible), a black bear and a bullfrog.

Vanquished Creatures
  Erica (D:9)
  A two-headed ogre (D:10)
  A tengu warrior (D:9)
  Amaemon (D:9)
  An ugly thing (D:9)
  Maggie (D:8)
  An orange demon (D:9)
  A kobold demonologist (D:9)
  Prince Ribbit (D:7)
  A shadow (D:9)
  9 yaks
  A wyvern (D:9)
  2 steam dragons
  Menkaure (D:7)
  3 water moccasins
  4 orc warriors
  2 sky beasts
  Pargi (Sewer)
  An ice beast (D:6)
  3 black bears
  An ogre (D:6)
  3 wolves (D:8)
  2 centaurs
  A phantom (D:5)
  2 bullfrogs
  2 kobold brigands
  3 scorpions
  4 gnoll sergeants
  4 necrophages
  A killer bee (D:8)
  6 howler monkeys
  6 hounds
  Crazy Yiuf (D:7)
  4 orc priests
  4 gnoll shamans
  4 iguanas
  14 orc wizards
  33 gnolls
  8 adders
  A white imp (D:7)
  An ufetubus (D:7)
  2 worms
  4 dart slugs
  26 orcs
  3 bats (D:1)
  5 endoplasms
  3 giant cockroaches
  3 goblins
  18 hobgoblins
  7 jackals
  3 quokkas
  6 ball pythons
  A frilled lizard (D:1)
  22 kobolds
  8 rats
253 creatures vanquished.

Vanquished Creatures (collateral kills)
  Joseph (D:8)
  Grum (D:8)
  An orc warrior (D:8)
  2 centaurs (D:8)
  4 killer bees (D:8)
  A gnoll shaman (D:8)
  2 gnolls (D:8)
12 creatures vanquished.

Vanquished Creatures (others)
  An iguana (D:7)
  16 fungi (D:10)
  51 plants
68 creatures vanquished.

Grand Total: 333 creatures vanquished

Notes
Turn   | Place    | Note
-------+----------+-------------------------------------------
     0 | D:1      | kevlar127 the Troll Berserker began the quest for the Orb.
     0 | D:1      | Reached XP level 1. HP: 22/22 MP: 0/0
   137 | D:1      | Reached XP level 2. HP: 29/29 MP: 1/1
   344 | D:1      | Reached ** piety under Trog
   425 | D:1      | Found a faded altar of an unknown god.
   595 | D:1      | Reached XP level 3. HP: 36/36 MP: 2/2
   950 | D:2      | Reached XP level 4. HP: 45/45 MP: 3/3
  2704 | D:3      | Found a glowing drain.
  2763 | Sewer    | Entered a sewer
  2834 | Sewer    | Noticed Pargi
  2840 | Sewer    | Killed Pargi
  2841 | Sewer    | Reached skill level 4 in Unarmed Combat
  2841 | Sewer    | Reached XP level 5. HP: 53/53 MP: 4/4
  4512 | D:4      | Reached XP level 6. HP: 62/62 MP: 5/5
  5608 | D:4      | Reached skill level 5 in Unarmed Combat
  6417 | D:4      | Found a shimmering blue altar of Sif Muna.
  6768 | D:5      | Entered Level 5 of the Dungeon
  6842 | D:5      | Reached XP level 7. HP: 71/71 MP: 6/6
  7335 | D:5      | Reached *** piety under Trog
  8079 | D:5      | Noticed a yak
  8079 | D:5      | Noticed a yak
  8079 | D:5      | Noticed a yak
  8085 | D:5      | Killed a yak
  8086 | D:5      | Reached skill level 5 in Fighting
  8094 | D:5      | Killed a yak
  8095 | D:5      | Reached skill level 5 in Dodging
  8095 | D:5      | Reached skill level 6 in Unarmed Combat
  8095 | D:5      | Reached XP level 8. HP: 80/80 MP: 7/7
  8878 | D:5      | Found a stormy altar of Qazlal.
  9495 | D:6      | Reached skill level 7 in Unarmed Combat
  9922 | D:6      | Identified the +2 spear "Ogrebane" {speed, rPois}
  9980 | D:6      | Reached XP level 9. HP: 45/89 MP: 8/8
 11016 | D:7      | Found a staircase to the Ecumenical Temple.
 11094 | D:7      | Reached **** piety under Trog
 11095 | D:7      | Reached skill level 8 in Unarmed Combat
 11206 | D:7      | Noticed Menkaure
 11220 | D:7      | Killed Menkaure
 11563 | D:7      | Found a runed translucent door.
 11564 | D:7      | Noticed Crazy Yiuf
 11640 | D:7      | Noticed Prince Ribbit
 11652 | D:7      | Killed Prince Ribbit
 12014 | D:7      | Reached XP level 10. HP: 102/102 MP: 9/9
 12531 | D:7      | Reached skill level 9 in Unarmed Combat
 12695 | D:7      | Killed Crazy Yiuf
 13013 | D:8      | Noticed Maggie
 13018 | D:8      | Killed Maggie
 13707 | D:8      | Noticed Grum
 13722 | D:8      | Noticed Joseph
 13733 | D:8      | Killed Joseph
 13735 | D:8      | Killed Grum
 14884 | D:9      | Noticed a tengu warrior
 14901 | D:9      | Killed a tengu warrior
 14902 | D:9      | Reached skill level 10 in Unarmed Combat
 14959 | D:9      | Noticed a cyan ugly thing
 14974 | D:9      | Killed a cyan ugly thing
 15129 | D:9      | Reached XP level 11. HP: 106/113 MP: 10/10
 15518 | D:9      | Noticed Amaemon
 15545 | D:9      | Killed Amaemon
 15769 | D:9      | Noticed Erica
 15787 | D:9      | Killed Erica
 15788 | D:9      | Found a hide-covered altar of Uskayaw.
 16096 | D:9      | Found a snail-covered altar of Cheibriados.
 16226 | D:10     | Entered Level 10 of the Dungeon
 16327 | D:10     | Noticed a two-headed ogre
 16342 | D:10     | Killed a two-headed ogre
 16343 | D:10     | Reached skill level 11 in Unarmed Combat
 16355 | D:10     | HP: 5/115 [yak (8)]
 16356 | D:10     | HP: 1/115 [black bear (4)]
 16356 | D:10     | Slain by an unseen horror

Illustrated notes

Levels and vault maps discovered:
D:1:      eino_arrival_druids_welcome, layout_basic, basic_ecumenical_altar,
          minmay_door_square, hangedman_abyss_or_decor_stabs,
          minmay_curled_crystal, supply_closet_lemuel
D:2:      layout_loops_ring
D:3:      layout_rooms, gup_sewer_entry_glass
D:4:      layout_loops_ring, nicolae_sif_muna_little_library,
          chequers_serial_rivers_small_3
D:5:      layout_layer_cave, nicolae_qazlal_general_emergency,
          minmay_misc_feat_room, kennysheep_path_1,
          minmay_misc_feat_more_columns, minmay_quadrilaterals
D:6:      layout_basic, nicolae_water_bricks, chequers_serial_rivers_small_3
D:7:      kennysheep_housing_project, layout_loops_ring,
          minmay_temple_entry_glass, uniq_menkaure, uniq_crazy_yiuf_cottage,
          uniq_prince_ribbit1
D:8:      layout_basic, uniq_maggie, uniq_joseph, uniq_grum
D:9:      minmay_curly_fans, layout_rooms, mainiacjoe_overflow_catch_the_wave,
          uniq_amaemon, uniq_erica
D:10:     layout_big_octagon, due_lair_maze_entry_diamond,
          nicolae_trove_entry_path_of_doom, uniq_harold

Skill      XL: |  1  2  3  4  5  6  7  8  9 10 11 |
---------------+----------------------------------+-----
Fighting       | 3 4 5 6 7 8 9 |  9.4
Dodging        | 3 4 5 6 7 8 9 |  9.3
Unarmed Combat | 4 5 6 7 8 10 11 | 11.0

Action                   |  1- 3 |  4- 6 |  7- 9 | 10-12 || total
-------------------------+-------+-------+-------+-------++-------
Melee: Unarmed           |   121 |   110 |   281 |   245 ||   757
       Punch             |     4 |     1 |    15 |    10 ||    30
Throw: Dart              |       |     1 |    31 |    11 ||    43
Invok: Berserk           |     1 |    10 |     8 |     8 ||    27
       Trog's Hand       |       |       |     3 |    10 ||    13
       Brothers in Arms  |       |       |       |     2 ||     2
  Use: Scroll            |       |       |     4 |     3 ||     7
       Potion            |       |       |       |     2 ||     2
 Stab: Distracted        |       |       |       |     1 ||     1
       Sleeping          |       |       |       |     1 ||     1
Armor: Animal skin       |    21 |    28 |       |       ||    49
       Troll leather arm |       |    16 |    98 |       ||   114
       Steam dragon scal |       |       |    38 |   125 ||   163
Dodge: Dodged            |    23 |    52 |   124 |   170 ||   369

Table legend: (Time is in decaauts)
 A = Elapsed time spent in this place.
 B = Non-inter-level travel time spent in this place.
 C = Inter-level travel time spent in this place.
 D = Time resting spent in this place.
 E = Time spent auto-exploring this place.
 F = Levels seen in this place.
 G = Mean time per level.
                   A        B        C        D        E       F      G
               +--------+--------+--------+--------+--------+-----+--------+
         Total |  16528 |  16065 |    463 |   8036 |   5171 |  11 | 1502.5 |
       Dungeon |  15982 |  15519 |    463 |   7692 |   5113 |  10 | 1598.2 |
         Sewer |    545 |    545 |      0 |    344 |     58 |   1 |  545.0 |
               +--------+--------+--------+--------+--------+-----+--------+

Top non-repeatable levels by time:
     D:4: 2676 daAuts
     D:5: 2619 daAuts
     D:7: 2148 daAuts
     D:8: 1793 daAuts
     D:2: 1516 daAuts
     D:6: 1466 daAuts
     D:3: 1449 daAuts
     D:9: 1423 daAuts
     D:1: 835 daAuts
   Sewer: 545 daAuts
    D:10: 55 daAuts
